 Dungeon Crawl Stone Soup version 0.30-a0-459-g9104f0fc43 (webtiles) character file.

Game seed: 2270085107258976455

338 IdlyInterested the Trooper (level 6, -8/48 HPs)
             Began as a Demonspawn Wanderer on Dec 15, 2022.
             Mangled by Pikel
             ... wielding a +0 whip of freezing
              (11 damage)
             ... on level 4 of the Dungeon.
             The game lasted 00:12:17 (3252 turns).

IdlyInterested the Trooper (Demonspawn Wanderer)    Turns: 3252, Time: 00:12:18

Health: -8/48      AC:  6    Str: 11      XL:     6   Next: 29%
Magic:  7/7        EV: 10    Int: 14 (16) God:
Gold:   148        SH:  0    Dex: 13      Spells: 6/7 levels left

rFire   . . .      SeeInvis .      - Unarmed
rCold   . . .      Faith    .    (no shield)
rNeg    . . .      Spirit   .    k - +0 ring mail
rPois   .          Reflect  .    (helmet restricted)
rElec   .          Harm     .    s - +0 cloak
rCorr   .          Rampage  .    (no gloves)
Will    .....                    (no boots)
Stlth   +.........               (no amulet)
HPRegen 0.28/turn                (no ring)
MPRegen 0.10/turn                (no ring)

@: no status effects
A: antennae 1, hooves 1, demonic touch 1
a: no special abilities


You were on level 4 of the Dungeon.
You visited 1 branch of the dungeon, and saw 4 of its levels.

You collected 148 gold pieces.

Inventory:

Hand Weapons
 a - a +0 quarterstaff
 e - a +0 dagger
 f - a +0 short sword
 m - a +2 spear of freezing
Missiles
 g - 17 stones (quivered)
 o - 6 javelins
Armour
 b - a +0 pair of gloves
 d - a +1 robe
 k - a +0 ring mail (worn)
 p - an orb of guile
 s - a +0 cloak (worn)
 t - a +0 leather armour
Scrolls
 c - a scroll of vulnerability
 j - a scroll of teleportation
 u - a scroll of fear
Potions
 h - a potion of cancellation
 i - 2 potions of flight
 l - a potion of attraction
 n - 2 potions of brilliance


   Skills:
 - Level 4.0 Fighting
 - Level 2.0 Staves
 - Level 1.0 Throwing
 - Level 1.0 Armour
 * Level 1.7 Dodging
 - Level 2.0 Stealth
 * Level 3.0 Unarmed Combat
 - Level 1.0 Spellcasting
 - Level 3.0 Translocations
 - Level 1.0 Evocations


You had 6 spell levels left.
You knew the following spells:

 Your Spells              Type           Power      Damage    Failure   Level
a - Apportation           Tloc           18%        N/A       19%         1

Your spell library contained the following spells:

 Spells                   Type           Power      Damage    Failure   Level
 Vhi's Electric Charge    Tloc/Air       8%         N/A       69%         3
 Kindle Blastsparks       Fire/Tloc/Air  6%         2d10      77%         3
 Ignite Poison            Fire/Tmut/Pois 0%         N/A       88%         3
 Freezing Cloud           Conj/Ice/Air   0%         6-21      100%        5


Dungeon Overview and Level Annotations

Branches:
Dungeon (4/15)
 Temple: D:4-7

Altars:

Annotations:
D:4 Pikel


Innate Abilities, Weirdness & Mutations

You have a pair of small antennae on your head.
You have large cloven feet.
Your touch may inflict minor irresistible damage on your foes.


Message History

You hit Pikel. Your touch misses Pikel.
Pikel is lightly wounded.
A lemure comes into view.
Pikel completely misses you.
The lemure shouts!
You hit Pikel but do no damage. You kick Pikel, but do no damage.
Pikel is lightly wounded.
Pikel hits you with a +0 whip of freezing!
Pikel freezes you.
You barely miss Pikel. Your kick misses Pikel.
You touch Pikel!
Pikel is moderately wounded.
Pikel hits you with a +0 whip of freezing.
Pikel freezes you.
You hit Pikel but do no damage.
Pikel is moderately wounded.
You hit Pikel but do no damage. You kick Pikel.
Pikel is moderately wounded.
Pikel misses you.
You miss Pikel. You kick Pikel.
Pikel is moderately wounded.
Pikel hits you with a +0 whip of freezing.
* * * LOW HITPOINT WARNING * * *
Pikel freezes you.
* * * LOW HITPOINT WARNING * * *
You barely miss Pikel. Your kick misses Pikel.
You touch Pikel!
Pikel is heavily wounded.
Pikel hits you with a +0 whip of freezing.
* * * LOW HITPOINT WARNING * * *
Pikel freezes you.
* * * LOW HITPOINT WARNING * * *
You closely miss Pikel.
Pikel is heavily wounded.
Pikel completely misses you.
You closely miss Pikel. You kick Pikel.
Pikel is heavily wounded.
Pikel barely misses you.
You hit Pikel but do no damage. You kick Pikel.
Pikel is severely wounded.
Pikel hits you with a +0 whip of freezing!
You die...

##.............
#.......##.##..
#.###.#.##.....
#.###.#.######.
#.....#........
##.##..........
#.............
#######..#..###..###
#..@K5)..#..# #..#
#.#####..#..# #. #
....... . ##.#####
... #.# #.# #.#


You could see Pikel and a lemure.

Vanquished Creatures
  The ghost of dr0g0th the Covered, an amateur AtFi (D:3)
  An ogre (D:4)
  3 lemures (D:4)
  3 gnolls (D:2)
  5 adders
  4 worms
  4 dart slugs
  4 orcs (D:3)
  6 ball pythons
  5 endoplasms
  4 giant cockroaches
  6 goblins
  4 hobgoblins
  6 jackals (D:1)
  3 quokkas
  7 bats
  6 frilled lizards
  6 kobolds
  3 rats
81 creatures vanquished.

Notes
Turn   | Place    | Note
-------+----------+-------------------------------------------
     0 | D:1      | IdlyInterested the Demonspawn Wanderer began the quest for
                  | the Orb.
     0 | D:1      | IdlyInterested set off with the following items: a +0
                  | quarterstaff, a +0 pair of gloves, a scroll of
                  | vulnerability, a +0 robe; and the following spell
                  | memorised: Apportation; and the following spells available
                  | to memorise: Vhi's Electric Charge, Kindle Blastsparks.
     0 | D:1      | Reached XP level 1. HP: 16/16 MP: 2/2
     2 | D:1      | Noticed a troll
     4 | D:1      | Noticed a spriggan
     4 | D:1      | Noticed a meteoran
     6 | D:1      | Noticed a ghoul
     6 | D:1      | Noticed a human
     8 | D:1      | Noticed a vine stalker
     8 | D:1      | Noticed a vampire
    10 | D:1      | Noticed an elf
    10 | D:1      | Noticed a formicid
    12 | D:1      | Noticed a minotaur
    12 | D:1      | Noticed a demonspawn
    14 | D:1      | Noticed a felid
    16 | D:1      | Noticed a draconian
    16 | D:1      | Noticed a merfolk
    18 | D:1      | Noticed an ogre
    18 | D:1      | Noticed a gargoyle
    20 | D:1      | Noticed an armataur
    22 | D:1      | Noticed an octopode
    22 | D:1      | Noticed a naga
    24 | D:1      | Noticed a tengu
    26 | D:1      | Noticed a vine stalker
    98 | D:1      | Discovered your monstrous ancestry.
    98 | D:1      | Gained mutation: Your touch may inflict minor irresistible
                  | damage on your foes. [demonic ancestry]
    98 | D:1      | Reached XP level 2. HP: 21/22 MP: 3/3
   120 | D:1      | Found a faded altar of an unknown god.
   617 | D:1      | Gained mutation: You have a pair of small antennae on your
                  | head. [demonic ancestry]
   617 | D:1      | Reached XP level 3. HP: 21/28 MP: 4/4
  1069 | D:2      | Reached skill level 3 in Fighting
  1069 | D:2      | Reached skill level 1 in Armour
  1078 | D:2      | Gained mutation: You have large cloven feet. [demonic
                  | ancestry]
  1078 | D:2      | Reached XP level 4. HP: 23/35 MP: 5/5
  1269 | D:2      | Reached skill level 1 in Unarmed Combat
  1276 | D:2      | Reached skill level 1 in Throwing
  1540 | D:2      | You fall into a shaft and drop 1 floor!
  1603 | D:3      | Found a runed translucent gate.
  1603 | D:3      | Found a runed translucent gate.
  1603 | D:3      | Found a runed translucent gate.
  1604 | D:3      | Noticed dr0g0th's ghost (amateur AtFi)
  2137 | D:3      | Reached skill level 1 in Evocations
  2246 | D:3      | Reached XP level 5. HP: 24/41 MP: 6/6
  2553 | D:3      | Killed dr0g0th's ghost
  2811 | D:4      | Noticed an ogre
  2826 | D:4      | Killed an ogre
  2827 | D:4      | Reached skill level 4 in Fighting
  2827 | D:4      | Reached XP level 6. HP: 48/48 MP: 7/7
  3235 | D:4      | Noticed Pikel
  3249 | D:4      | HP: 2/48 [Pikel/+0 whip of freezing (2)]
  3252 | D:4      | Mangled by Pikel

Illustrated notes

Levels and vault maps discovered:
D:1:      kb_arrival_jail, layout_loops_ring,
          shapermc_ecumenical_altar_mp_highgroup, minmay_curled_crystal,
          glass_columns_a
D:2:      layout_basic
D:3:      layout_loops_cross, ebering_ghost_rock_garden
D:4:      layout_basic, mainiacjoe_overflow_small_starburst, minivault_14,
          eino_small_chamber_without_monster, uniq_pikel

Skill      XL: |  1  2  3  4  5 |
---------------+----------------+-----
Stealth        | 2 |  2.0
Translocations | 3 |  3.0
Staves         | 2 |  2.0
Fighting       | 3 4 |  4.0
Armour         | 1 |  1.0
Unarmed Combat | 1 3 |  3.0
Throwing       | 1 |  1.0
Evocations     | 1 |  1.0
Dodging        | |  1.7
Spellcasting   | |  1.0

Action                   |  1- 3 |  4- 6 || total
-------------------------+-------+-------++-------
Melee: Quarterstaff      |   130 |   123 ||   253
       Kick              |       |    46 ||    46
       Unarmed           |       |    62 ||    62
       Touch             |       |    12 ||    12
       Punch             |       |     1 ||     1
Throw: Stone             |       |    11 ||    11
       Boomerang         |       |     1 ||     1
  Use: Scroll            |     5 |     4 ||     9
       Potion            |       |     4 ||     4
 Stab: Sleeping          |     2 |     1 ||     3
Armor: Robe              |    42 |     5 ||    47
       Ring mail         |       |    55 ||    55
Dodge: Dodged            |    87 |    83 ||   170

Table legend: (Time is in decaauts)
 A = Elapsed time spent in this place.
 B = Non-inter-level travel time spent in this place.
 C = Inter-level travel time spent in this place.
 D = Time resting spent in this place.
 E = Time spent auto-exploring this place.
 F = Levels seen in this place.
 G = Mean time per level.
                   A        B        C        D        E       F      G
               +--------+--------+--------+--------+--------+-----+--------+
         Total |   3318 |   2972 |    346 |    429 |   1527 |   4 |  829.5 |
       Dungeon |   3318 |   2972 |    346 |    429 |   1527 |   4 |  829.5 |
               +--------+--------+--------+--------+--------+-----+--------+

Top non-repeatable levels by time:
     D:3: 979 daAuts
     D:1: 977 daAuts
     D:2: 912 daAuts
     D:4: 448 daAuts
